AoeStats
← Schantiiniiii

MegaRandom

507353306Analyzed
4v4 RM · 13d ago on Sep 17, 2026· 14m 47s· 8 players
Game mode
Random Map
Map size
Large (8 player)
Population
200
Speed
Normal
Resources
Standard
Victory
Conquest
Starting age
Dark Age
Ending age
Imperial Age
RankedLock teamsTeams togetherTeam positionsShared explorationLock speedFull tech treeHidden civsTurbo modeCheats
Victory
Defeat
🇩🇪 Mapuche · Germany
1876
+6
🇺🇸 Romans · United States
1856
+7
🇹🇼 Cumans · Taiwan
1803
+8
🇩🇪 Sicilians · Germany
1713
+12
🇩🇪 Shu · Germany
1686
-10
🇨🇭 Maya · Switzerland
1657
-9
🇩🇪 Slavs · Germany
1578
-7
🇩🇪 Aztecs · Germany
1570
-7
Eli
0:31 Loom
10:32 Feudal Age
14:31 Castle Age
13:15 Double-Bit Axe
13:39 Horse Collar
15:28 Bow Saw
[TNT] TW_RED
0:33 Loom
10:13 Feudal Age
13:06 Double-Bit Axe
number5
0:39 Loom
11:17 Feudal Age
Jan Itor
0:37 Loom
10:16 Feudal Age
10:20 Champi Runner
13:00 Forging
12:43 Arson
14:16 Double-Bit Axe
{ BP } Käpt`n Iglo
7:55 Loom
10:34 Feudal Age
11:07 Double-Bit Axe
13:05 Fletching
13:57 Horse Collar
14:43 Padded Archer Armor
Schantiiniiii
0:31 Loom
11:37 Feudal Age
DeadForGlory
0:33 Loom
12:45 Feudal Age
Serxer
0:32 Loom
11:14 Feudal Age
12:20 Double-Bit Axe
Connection lost

Rejoining the realm…

Still unreachable

The connection could not be restored.

Session expired

The server has moved on; the page needs a fresh start.